 Dungeon Crawl Stone Soup version 0.32-a0-22-g6ae6769602 (webtiles) character file.

Game seed: 10628788989488147990

2085192 bakla the Sluggish Cat (level 24, 152/152 HPs)
             Began as a Felid Fire Elementalist on Jan 17, 2024.
             Was an Initiate of Cheibriados.
             Escaped with the Orb
             ... and 3 runes
             ... and 2 gems on Jan 18, 2024!
             The game lasted 02:09:38 (52141 turns).

bakla the Sluggish Cat (Felid Fire Elementalist)   Turns: 52141, Time: 02:09:39

Health: 152/152    AC: 29    Str: 10    XL:     24   Next: 91%
Magic:  31/31      EV: 34    Int: 24    God:    Cheibriados [......]
Gold:   5944       SH:  8    Dex: 19    Spells: 23/31 levels left
                                        Lives:  1   Deaths: 7

rFire   + .          .
                       - Unarmed
rCold   + . .        (shield unavailable)
rNeg    + . .        (body armour unavailable)
rPois   ∞            (helmet unavailable)
rElec   +            (cloak unavailable)
rCorr   .            (gloves unavailable)
SInv    +            (boots unavailable)
Will    +++..        Q - brooch of Shielding {Spirit SH+8}
Stlth   +++          X - ring of the Sky {rF+ Dex+3}
HPRegen 1.25/turn    T - ring "Fuumuwass" {rC+ Str+3}
MPRegen 0.22/turn

%: guardian spirit
@: statue-form, studying Stealth, very slow
A: slow and powerful, torment resistance 1, boosted hp, very small, claws 1,
fangs 3, see invisible, (shaggy fur 3), stealthy paws, no weapons or thrown
items, no armour, multi-lived, antennae 1, clumsy 2, frail 2, low MP 2,
regeneration 1, electricity resistance, weak 2, wild magic 1, MP-powered wands
0: Orb of Zot
}: 3/15 runes: serpentine, barnacled, silver
a: Begin Untransformation, Renounce Religion


You escaped.
You worshipped Cheibriados.
Cheibriados was noncommittal.
You were a living statue of rough stone.
You visited 10 branches of the dungeon, and saw 48 of its levels.
You visited the Abyss 1 time.
You also visited: Trove, Sewer, Bailey, Gauntlet and Desolation.

You collected 7913 gold pieces.
You spent 1969 gold pieces at shops.

Inventory:

Jewellery
 k - a ring of willpower
 l - the dreamdust necklace {Acrobat}
   (You found it in the Desolation of Salt)

   [amulet of the acrobat]

   Acrobat:   It increases your evasion while moving and waiting.
 r - a ring of protection from cold
 v - an amulet of regeneration
 w - the ring of the Disbelieving Hero {Wiz Fly rF+ Str+2 Dex-5}
   (You took it off Boris on level 5 of the Vaults)

   [ring of wizardry]

   Wiz:       It improves your spell success rate.
   Str+2:     It affects your strength (+2).
   Dex-5:     It affects your dexterity (-5).
   rF+:       It protects you from fire.
   Fly:       It grants you flight.
 z - an amulet of magic regeneration
 I - a ring of resist corrosion
 Q - the brooch of Shielding (around neck) {Spirit SH+8}
   (You found it on level 1 of the Vaults)

   [amulet of guardian spirit]

   Spirit:    It causes incoming damage to be divided between your reserves of
   health and magic.
   SH+8:      It affects your SH (+8).
 S - the ring of Cirgha {*Slow MP+9 Str-3 Dex+5}
   (You took it off a deep elf demonologist on level 3 of the Elven Halls)

   [ring of magical power]

   Str-3:     It affects your strength (-3).
   Dex+5:     It affects your dexterity (+5).
   MP+9:      It affects your magic capacity (+9).
   *Slow:     It may slow you when you take damage.
 T - the ring "Fuumuwass" (right paw) {rC+ Str+3}
   (You took it off a deep elf master archer on level 3 of the Elven Halls)

   [ring of protection from cold]

   Str+3:     It affects your strength (+3).
   rC+:       It protects you from cold.
 V - the ring "Ihemaw" {Fire Str+4}
   (You found it in a treasure trove)

   [ring of fire]

   Fire:      It enhances your fire magic.
   Str+4:     It affects your strength (+4).
   rF+:       It protects you from fire.
   rC-:       It makes you vulnerable to cold.
 W - the amulet of Tiyched {Faith rPois rF+ rN+}
   (You found it in a treasure trove)

   [amulet of faith]

   Faith:     It allows you to gain divine favour quickly.
   rF+:       It protects you from fire.
   rPois:     It protects you from poison rN+: It protects you from negative
   energy.
 X - the ring of the Sky (left paw) {rF+ Dex+3}
   (You found it in a treasure trove)

   [ring of protection from fire]

   Dex+3:     It affects your dexterity (+3).
   rF+:       It protects you from fire.
 Y - the amulet "Zuaxeupt" {Faith ^Fragile rElec rPois rC-}
   (You found it in a treasure trove)

   [amulet of faith]

   Faith:     It allows you to gain divine favour quickly.
   rC-:       It makes you vulnerable to cold.
   rElec:     It insulates you from electricity.
   rPois:     It protects you from poison ^Fragile: It will be destroyed if
   unequipped.
 Z - the ring "Ymetieme" {Fly rElec Int+5}
   (You found it in the Desolation of Salt)

   [ring of flight]

   Int+5:     It affects your intelligence (+5).
   rElec:     It insulates you from electricity.
   Fly:       It grants you flight.
Talismans
 C - a granite talisman (active)
Wands
 t - a wand of digging (14)
 u - a wand of mindburst (8)
 x - a wand of charming (39)
 A - a wand of flame (61)
 L - a wand of roots (38)
 M - a wand of light (36)
Scrolls
 g - 7 scrolls of vulnerability
 h - 7 scrolls of fear
 i - 11 scrolls of noise
 n - 6 scrolls of fog
 p - 12 scrolls of blinking
 y - 17 scrolls of identify
 D - 5 scrolls of amnesia
 E - 5 scrolls of poison
 F - 2 scrolls of revelation
 H - 6 scrolls of immolation
 J - a scroll of summoning
 K - 3 scrolls of teleportation
 N - a scroll of torment
 U - a scroll of silence
Potions
 a - 2 potions of haste
 b - 13 potions of attraction
 d - 10 potions of enlightenment
 e - 12 potions of curing
 f - 7 potions of might
 j - a potion of ambrosia
 m - a potion of resistance
 q - 6 potions of mutation
 s - 10 potions of lignification
 B - 3 potions of cancellation
 O - 3 potions of brilliance
 P - 3 potions of berserk rage
Miscellaneous
 c - a phial of floods
 G - a tin of tremorstones (2/2)


   Skills:
 + Level 22.1 Fighting
 - Level 20.0 Dodging
 - Level 20.0 Stealth
 - Level 20.0 Unarmed Combat
 - Level 4.0 Spellcasting
 - Level 0.8 Conjurations
 - Level 5.0 Necromancy
 - Level 4.0 Fire Magic
 - Level 23.0 Invocations
 - Level 18.0 Shapeshifting


You had 23 spell levels left.
You knew the following spells:

 Your Spells              Type           Power      Damage    Failure   Level
a - Foxfire               Conj/Fire      84%        2x1d8     6%          1
b - Scorch                Fire           62%        2d7       4%          2
c - Call Imp              Summ           12%        N/A       21%         2
d - Fugue of the Fallen   Necr           37%        N/A       6%          3

Your spell library contained the following spells:

 Spells                   Type           Power      Damage    Failure   Level
 Necrotise                Necr           100%       1d9       2%          1
 Kiss of Death            Conj/Necr      96%        2d12      5%          1
 Vampiric Draining        Necr           37%        2d8       6%          3
 Cigotuvi's Dreadful Rot  Necr/Alch/Air  32%        N/A       12%         2
 Sting                    Conj/Alch      32%        1d5       13%         1
 Apportation              Tloc           12%        N/A       14%         1
 Freeze                   Ice            24%        1d4       14%         1
 Sandblast                Erth           12%        2d6       14%         1
 Slow                     Hex            24%        N/A       14%         1
 Summon Small Mammal      Summ           24%        N/A       14%         1
 Searing Ray              Conj           22%        2d5       16%         2
 Dispel Undead            Necr           37%        3d15      17%         4
 Inner Flame              Hex/Fire       18%        N/A       19%         3
 Volatile Blastmotes      Fire/Tloc      36%        2d13      19%         3
 Ensorcelled Hibernation  Hex/Ice        12%        N/A       21%         2
 Jinxbite                 Hex            12%        N/A       21%         2
 Dazzling Flash           Conj/Hex       16%        N/A       32%         3
 Hailstorm                Conj/Ice       8%         3d5       32%         3
 Stone Arrow              Conj/Erth      16%        3d8       32%         3
 Mephitic Cloud           Conj/Alch/Air  8%         N/A       34%         3
 Call Canine Familiar     Summ           6%         N/A       36%         3
 Confusing Touch          Hex            6%         N/A       36%         3
 Frozen Ramparts          Ice            12%        1d2       36%         3
 Ozocubu's Armour         Ice            6%         N/A       36%         3
 Passwall                 Erth           6%         N/A       36%         3
 Sigil of Binding         Hex            6%         N/A       36%         3
 Summon Ice Beast         Ice/Summ       6%         N/A       36%         3
 Teleport Other           Tloc           6%         N/A       36%         3
 Tukima's Dance           Hex            6%         N/A       36%         3
 Anguish                  Hex/Necr       10%        N/A       43%         4
 Flame Wave               Conj/Fire      21%        2d8       43%         4
 Martyr's Knell           Necr/Summ      21%        N/A       43%         4
 Curse of Agony           Necr           37%        N/A       43%         5
 Sticky Flame             Fire/Alch      18%        2d6       47%         4
 Summon Blazeheart Golem  Fire/Summ      18%        N/A       47%         4
 Brom's Barrelling Bould  Conj/Erth      8%         2d3       71%         4
 Fulminant Prism          Conj/Alch      4%         3d5       71%         4
 Iskenderun's Mystic Bla  Conj/Tloc      8%         2d4       71%         4
 Olgreb's Toxic Radiance  Alch           6%         N/A       75%         4
 Passage of Golubria      Tloc           6%         N/A       75%         4
 Vhi's Electric Charge    Tloc/Air       12%        N/A       75%         4
 Borgnjor's Vile Clutch   Necr/Erth      10%        N/A       75%         5
 Arcjolt                  Conj/Air       4%         1d14      95%         5
 Irradiate                Conj/Alch      4%         3d13      95%         5
 Alistair's Intoxication  Alch           4%         N/A       97%         5
 Metabolic Englaciation   Hex/Ice        3%         N/A       97%         5
 Silence                  Hex/Air        3%         N/A       97%         5
 Yara's Violent Unravell  Hex/Alch       3%         3d4       97%         5
 Conjure Ball Lightning   Conj/Air       4%         3x3d6     100%        6
 Eringya's Noxious Bog    Alch           3%         4d6       100%        6
 Plasma Beam              Fire/Air       9%         2x1d19    100%        6
 Sculpt Simulacrum        Ice/Alch       3%         N/A       100%        6
 Starburst                Conj/Fire      10%        6d5       100%        6
 Enfeeble                 Hex            3%         N/A       100%        7
 Haunt                    Necr/Summ      10%        N/A       100%        7
 Orb of Destruction       Conj           5%         9d5       100%        7
 Ozocubu's Refrigeration  Ice            3%         4d8       100%        7
 Spellforged Servitor     Conj/Summ      4%         N/A       100%        7
 Summon Hydra             Summ           3%         N/A       100%        7
 Borgnjor's Revivificati  Necr           18%        N/A       100%        8
 Discord                  Hex            3%         N/A       100%        8
 Disjunction              Tloc           3%         N/A       100%        8
 Ignition                 Fire           15%        3d6       100%        8
 Lehudib's Crystal Spear  Conj/Erth      4%         10d3      100%        8
 Maxwell's Capacitive Co  Air            3%         ∞         100%        8
 Death's Door             Necr           18%        N/A       100%        9
 Fire Storm               Conj/Fire      10%        8d3       100%        9
 Polar Vortex             Ice            3%         N/A       100%        9
 Sublimation of Blood     Necr           Unusable   N/A       N/A         2
 Animate Armour           Summ/Erth      Unusable   N/A       N/A         4

Dungeon Overview and Level Annotations

Branches:
Dungeon (15/15)            Temple (1/1) D:6            Lair (5/5) D:10
 Shoals (4/4) Lair:3        Snake (4/4) Lair:2        Slime (0/5) Lair:4
    Orc (2/2) D:11            Elf (3/3) Orc:2        Vaults (5/5) D:13
 Depths (4/4) D:15            Zot (5/5) Depths:4      Sewer (visited)
 Bailey (visited)         Desolation (visited)      Gauntlet (visited)
  Crypt: Vaults:2-3

Altars:
Ashenzari
Cheibriados
Dithmenos
Elyvilon
Fedhas
Gozag
Hepliaklqana
Kikubaaqudgha
Makhleb
Nemelex Xobeh
Okawaru
Qazlal
Ru
Sif Muna
Trog
Uskayaw
Vehumet
Wu Jian
Xom
Yredelemnul
Zin
The Shining One
Jiyva
Lugonu

Shops:
D:1 (   D:6 (   D:9 [[   D:14 *   Orc:2 ([*:   Shoals:1 ?   Shoals:4 [
Snake:2 *   Vaults:1 ?(((!   Vaults:5 :[

Portals:
Hell: Depths:4
Abyss: Lair:5
Ziggurat: Depths:1

Annotations:
D:8 Jeremiah
Lair:4 1 runed translucent door
Snake:3 Noblape's ghost, adept OnBe; Qanoask's ghost, journeyman OnGl
Elf:2 3 runed translucent doors
Depths:2 2 runed translucent doors, exclusion: upstairs
Zot:2 exclusion: upstairs
Zot:3 exclusion: upstairs
Zot:4 2 transporters, exclusion: upstairs, Luser's ghost, veteran OnBe
Zot:5 exclusion: upstairs


Innate Abilities, Weirdness & Mutations

You are a living statue of rough stone.
Your actions are slow, but your melee attacks are powerful.
You are resistant to unholy torment.
Your maximum health is greatly increased.
You are immune to poison.
You have sharp claws.
You have razor-sharp teeth.
You have supernaturally acute eyesight. (SInv)
((Your thick and shaggy fur keeps you warm. (AC +3, rC+)))
Your paws help you pounce on unaware monsters.
You are incapable of wielding weapons or throwing items.
You cannot wear armour.
You gain extra lives every three experience levels.
You have a pair of small antennae on your head.
You are very clumsy. (Dex -4)
You are very frail. (-20% HP)
Your magical capacity is very low. (-20% MP)
Your natural rate of healing is unusually fast.
You are resistant to electric shocks. (rElec)
You are very weak. (Str -4)
Your spells are a little harder to cast, but a little more powerful.
You expend magic power (3 MP) to strengthen your wands.


Message History

The cacodemon gestures at the rock wall.
You hear a grinding noise.
The cacodemon gestures at the rock wall.
Some rock shatters into small pieces.
A sixfirhy comes into view.
The cacodemon gestures at you.
Strange energies course through your body.
The sixfirhy moves out of view.
The cacodemon gestures at the rock wall.
You hear a grinding noise.
You hear a grinding noise.
The cacodemon gestures at you.
Strange energies course through your body.
You feel clumsy. The cacodemon gestures at you.
Strange energies course through your body.
You feel clumsy. The cacodemon gestures at you.
You resist with almost no effort.
There is a stone staircase leading up here.
The cacodemon gestures at you. The bolt of devastation hits you!
Your willpower is stripped away!
You climb upwards.
There is a stone staircase leading down here.
You mangle the cacodemon!!
The cacodemon is moderately wounded.
The cacodemon completely misses you. The cacodemon misses you.
You eviscerate the cacodemon!!!
You bite the cacodemon, but do no damage.
The cacodemon is severely wounded.
The cacodemon gestures at you.
Strange energies course through your body.
You feel weaker.
You mangle the cacodemon!!
You kill the cacodemon!
Cheibriados appreciates the change of pace.
You feel your willpower return.
There is an open door here.
There is a staircase leading out of the dungeon here.
You have escaped!

.................>..## #.#
.........###.######..#########.#
##.......# #.........#.........#
#.......# #.........#.##########
#.......# #.........#.# #....
#.......# #...###...#'## #.###
#.......# #..##.##.....# #.#..
#.......# #..#...#.....# #.#.#
#.......# #..+.8.'.....#####.#.#
#######.###^.#...#...........#..
#..##..##.##.....#########
##.##...###......#
#..#............#
##..............#
##.............# ##########....#
##...#


There were no monsters in sight!

Vanquished Creatures
  2 dread liches (Zot:5)
  2 ancient liches (Vaults:5)
  7 orbs of fire (Zot:5)
  Mara (Elf:3)
  Boris (4 times) (Vaults:3 Vaults:5 D:15 D:12)
  Saint Roka (Snake:3)
  2 Killer Klowns (Zot:5)
  Margery (Vaults:3)
  A caustic shrike (Depths:1)
  8 golden dragons
  Norris (Elf:1)
  A Brimstone Fiend (Depths:1)
  2 electric golems (Zot:5)
  A pandemonium lord (D:9)
  10 tentacled monstrosities
  A Hell Sentinel (D:11)
  5 liches
  30 Orb Guardians
  Mlioglotl (Snake:3)
  6 sphinxes
  2 titans (Vaults:5)
  2 deep elf blademasters (Elf:3)
  5 quicksilver dragons
  2 deep elf master archers (Elf:3)
  Frances (Snake:1)
  Polyphemus (Shoals:2)
  2 krakens
  4 death cobs (Zot:5)
  4 tengu reavers (Vaults:5)
  Aizul (Snake:2)
  2 shadow dragons
  Kirke (D:13)
  Donald (Vaults:2)
  8 storm dragons
  Roxanne (D:14)
  4 draconian monks
  4 nagarajas
  4 fire giants
  5 draconian knights
  A protean progenitor (Zot:4)
  3 draconian scorchers
  7 frost giants
  Louise (Snake:2)
  2 imperial myrmidons (Desolation)
  8 vault wardens
  A balrug (D:13)
  Ilsuiw (Shoals:4)
  2 draconian shifters
  3 deep elf sorcerers
  2 deep elf elementalists (Elf:3)
  A cacodemon (D:1)
  9 stone giants
  4 draconian annihilators
  A reaper (D:12)
  A spriggan defender (Depths:2)
  3 draconian stormcallers
  A formless jellyfish (Vaults:1)
  14 ironbound preservers
  2 orc warlords
  6 very ugly things
  8 green draconians
  An ironbound thunderhulk (Vaults:3)
  8 deep elf demonologists
  4 deep elf death magi
  Azrael (D:13)
  4 war gargoyles
  9 red draconians
  6 black draconians
  10 white draconians
  2 vampire knights (Depths:2)
  7 yellow draconians
  8 purple draconians
  11 dire elephants
  9 deep elf annihilators
  2 halazid warlocks (Desolation)
  2 crystal guardians
  12 ettins
  8 merfolk javelineers (Shoals:4)
  11 merfolk impalers
  6 deep elf high priests
  2 entropy weavers
  2 fire dragons
  10 ragged hierophants (Desolation)
  2 great orbs of eyes (Vaults:1)
  8 yaktaur captains
  An entropy weaver (shapeshifter) (D:15)
  3 hydras (Lair:5)
  9 servants of whispers (Desolation)
  12 peacekeepers
  2 rakshasas (D:15)
  4 ice dragons
  4 salamander tyrants
  2 hell beasts
  7 ironbound frosthearts
  37 vault guards
  3 merfolk avatars (Shoals:4)
  4 satyrs
  A catoblepas (Shoals:2)
  18 centaur warriors
  9 two-headed ogres
  7 boulder beetles
  2 ogre magi
  16 anacondas
  13 dancing weapons
  A deep troll shaman (Depths:1)
  4 merfolk aquamancers (Shoals:4)
  An alligator snapping turtle (Shoals:2)
  3 deep troll earth magi
  8 death yaks
  4 tengu warriors
  A demonic crawler (D:15)
  3 orc high priests (Orc:2)
  4 spriggan berserkers
  18 naga sharpshooters
  22 naga warriors
  6 thrashing horrors
  5 shock serpents
  3 hell knights
  4 sun demons
  11 deep elf knights
  A fire crab (shapeshifter) (Vaults:5)
  2 wretched stars (Abyss:2)
  7 iron trolls
  A soul eater (D:9)
  3 sixfirhies
  8 skeletal warriors
  7 salamander mystics (Snake:4)
  A shadow wraith (Vaults:2)
  7 skysharks
  10 deep elf archers
  A glowing orange brain (Vaults:1)
  19 sea snakes
  36 deep trolls
  6 naga ritualists
  4 arcanists (Vaults:1)
  12 mana vipers
  Lodul (D:14)
  4 phantasmal warriors
  9 lindwurms
  3 necromancers
  20 harpies
  18 ironbound convokers
  7 orc knights
  27 deep elf zephyrmancers
  33 deep elf pyromancers
  A wolf spider zombie (D:15)
  9 orc sorcerers
  26 ugly things
  8 cyclopes
  16 fauns
  11 manticores
  A worldbinder (Abyss:2)
  13 elephants
  A toenail golem (D:12)
  18 moths of wrath
  23 salamanders
  A centaur zombie (D:15)
  25 black mambas
  4 kobold blastminers
  15 merfolk sirens
  10 vault sentinels
  14 guardian serpents
  15 naga magi
  An apocalypse crab (Abyss:2)
  4 water nymphs
  3 smoke demons
  A black mamba (shapeshifter) (Elf:1)
  A molten gargoyle (Desolation)
  2 torpor snails
  3 orange demons
  11 cane toads
  A centaur skeleton (D:15)
  4 gargoyles
  A kobold demonologist (D:11)
  5 large abominations
  3 rime drakes (Lair:5)
  7 komodo dragons
  2 freezing wraiths (Vaults:5)
  3 efreet
  12 yaktaurs
  Psyche (D:8)
  2 polar bears
  An ancient zyme (Abyss:2)
  5 harpy zombies
  7 trolls
  27 merfolk
  3 hornets
  3 wind drakes
  A tarantella (Vaults:1)
  76 saltlings (Desolation)
  4 raiju
  38 blink frogs
  8 dream sheep
  12 snapping turtles
  24 slime creatures
  10 water elementals
  3 air elementals
  3 spriggans
  A jumping spider (Vaults:1)
  3 ynoxinuls (Lair:5)
  35 yaks
  A vampire (D:9)
  3 wraiths
  4 wyverns
  A warg (Orc:1)
  10 basilisks
  A neqoxec (Depths:2)
  5 fire elementals
  10 redbacks
  2 vampire mosquitoes (D:12)
  A chaos spawn (Lair:5)
  3 swamp worms (Zot:4)
  5 hell hounds
  11 water moccasins
  2 acid dragons
  43 nagas
  Pargi (Sewer)
  4 ice beasts
  2 black bears
  44 orc warriors
  13 small abominations
  A laughing skull (Abyss:2)
  12 wolves
  20 ogres
  19 centaurs
  6 kobold brigands
  2 gnoll sergeants
  4 brain worms
  9 bullfrogs
  3 earth elementals (Elf:1)
  2 scorpions
  5 wights
  2 electric eels
  7 howler monkeys
  2 bombardier beetles
  2 jellies
  4 hounds
  25 orc priests
  A sleepcap (D:5)
  4 iguanas
  29 orc wizards
  11 hell rats
  9 gnolls
  4 adders
  A river rat (D:4)
  A shadow imp (Abyss:2)
  2 white imps
  3 ufetubi
  2 dart slugs (D:1)
  2 ribbon worms
  78 orcs
  4 bats
  2 endoplasms
  2 giant cockroaches (D:3)
  9 goblins
  5 hobgoblins
  9 jackals
  28 kobolds
  4 quokkas
  3 training dummies (D:6)
  6 ball pythons
  6 frilled lizards
  5 rats
  7 tentacles
1936 creatures vanquished.

Vanquished Creatures (collateral kills)
  A draconian scorcher (Zot:5)
  A red draconian (Zot:5)
  An ugly thing (D:8)
  A sky beast (D:8)
  3 wights (D:8)
  2 orcs (D:8)
  2 foxfires
11 creatures vanquished.

Vanquished Creatures (others)
  A ghost moth (Zot:5)
  A yellow draconian (Depths:4)
  A dancing weapon (Elf:2)
  A sea snake (Shoals:4)
  Pikel (D:8)
  A naga ritualist (Snake:4)
  2 deep elf zephyrmancers
  A deep elf pyromancer (Elf:3)
  A moth of wrath (Zot:4)
  A cyclops (Orc:1)
  A yaktaur (Vaults:5)
  A freezing wraith (Vaults:5)
  A harpy zombie (Shoals:3)
  A yak (D:10)
  6 humans (D:13)
  A naga (Snake:2)
  An orc warrior (Orc:1)
  2 orc priests
  An orc (Orc:1)
  777 foxfires
  6 tentacles
809 creatures vanquished.

Grand Total: 2756 creatures vanquished

Notes
Turn   | Place    | Note
-------+----------+-------------------------------------------
     0 | D:1      | bakla the Felid Fire Elementalist began the quest for the
                  | Orb.
     0 | D:1      | Reached XP level 1. HP: 9/9 MP: 4/4
   122 | D:1      | Reached XP level 2. HP: 11/14 MP: 1/6
   374 | D:1      | Found Rongaikk's Antique Weapon Emporium.
   485 | D:1      | Reached skill level 1 in Unarmed Combat
   563 | D:1      | Reached skill level 1 in Fighting
   569 | D:1      | Learned a level 2 spell: Scorch
  1086 | D:2      | Reached XP level 3. HP: 18/18 MP: 1/7
  1351 | D:2      | Splashed by a jelly's acid
  1351 | D:2      | Lost a life (0 lives remaining)
  1477 | D:2      | Learned a level 2 spell: Call Imp
  1656 | D:2      | Found a faded altar of an unknown god.
  2630 | D:3      | Found a glowing silver altar of Zin.
  2650 | D:3      | Noticed an ogre
  2686 | D:3      | Reached XP level 4. HP: 22/22 MP: 2/8
  2686 | D:3      | Gained a life (1 life remaining)
  3352 | D:3      | Killed an ogre
  3353 | D:3      | Reached XP level 5. HP: 27/27 MP: 2/9
  3686 | D:4      | Found a glowing drain.
  3693 | Sewer    | Entered a sewer
  3747 | Sewer    | Gained mutation: You are covered in thick fur. (AC +2)
                  | [Felid growth]
  3747 | Sewer    | Reached XP level 6. HP: 25/32 MP: 3/10
  3750 | Sewer    | Noticed Pargi
  3754 | Sewer    | Killed Pargi
  3755 | Sewer    | Reached skill level 5 in Dodging
  3985 | D:4      | Reached skill level 1 in Shapeshifting
  3985 | D:4      | Reached XP level 7. HP: 36/36 MP: 4/11
  3985 | D:4      | Gained a life (2 lives remaining)
  4317 | D:4      | Slain by a wight
  4317 | D:4      | Lost a life (1 life remaining)
  4649 | D:4      | Got the Omnibus of Freezing
  5160 | D:5      | Entered Level 5 of the Dungeon
  5405 | D:5      | Reached XP level 8. HP: 42/42 MP: 3/12
  6032 | D:5      | Found a hazy altar of Hepliaklqana.
  6350 | D:5      | Reached skill level 5 in Fighting
  6350 | D:5      | Reached skill level 5 in Unarmed Combat
  6943 | D:6      | Found Wuegguma's Firing Range.
  7455 | D:6      | Found a staircase to the Ecumenical Temple.
  7464 | Temple   | Entered the Ecumenical Temple
  7833 | D:7      | Found a broken altar of Ashenzari.
  7951 | D:7      | Reached XP level 9. HP: 33/48 MP: 2/13
  8740 | D:7      | Identified a scroll of acquirement
  8740 | D:7      | Acquired a manual of Fighting
  9014 | D:8      | Found a stormy altar of Qazlal.
  9062 | D:8      | Noticed Jeremiah
  9102 | D:8      | Found an opulent altar of Gozag.
  9110 | D:8      | Noticed Psyche
  9119 | D:8      | Killed Psyche
  9290 | D:8      | Noticed Pikel
  9299 | D:8      | Noticed a brown ugly thing
  9306 | D:8      | Your ally Pikel died
  9315 | D:8      | Killed a brown ugly thing
  9471 | D:8      | Reached skill level 5 in Shapeshifting
  9533 | D:8      | Found an ornate altar of the Wu Jian Council.
  9540 | D:8      | Became a worshipper of the Wu Jian Council
  9973 | D:9      | Found Vajigo's Antique Armour Shoppe.
  9978 | D:9      | Found a flagged portal.
  9988 | Bailey   | Entered a bailey
 10095 | Bailey   | Reached XP level 10. HP: 38/56 MP: 0/14
 10095 | Bailey   | Gained a life (2 lives remaining)
 10373 | Bailey   | Found an iron altar of Okawaru.
 10399 | Bailey   | Reached skill level 10 in Dodging
 10866 | D:9      | Found Piulituin's Antique Armour Shoppe.
 10875 | D:9      | Reached * piety under Wu Jian
 12025 | D:10     | Entered Level 10 of the Dungeon
 12138 | D:10     | Slain by a yak
 12138 | D:10     | Lost a life (1 life remaining)
 12389 | D:10     | Reached skill level 10 in Fighting
 12747 | D:10     | Found a staircase to the Lair.
 12748 | D:10     | Noticed a two-headed ogre
 12912 | D:10     | Killed a two-headed ogre
 12913 | D:10     | Reached XP level 11. HP: 60/64 MP: 4/15
 13024 | D:10     | Found a white marble altar of Elyvilon.
 13580 | D:11     | Found a staircase to the Orcish Mines.
 13837 | D:11     | Reached ** piety under Wu Jian
 13844 | D:11     | Paralysed by a hornet for 3 turns
 13952 | D:11     | Noticed a two-headed ogre
 14170 | D:11     | Noticed a green ugly thing
 14501 | D:11     | Killed a green ugly thing
 14674 | D:11     | Noticed a boulder beetle
 14723 | Lair:1   | Entered Level 1 of the Lair of Beasts
 14798 | Lair:1   | Found a gate leading to a gauntlet.
 14881 | Gauntlet | Entered a Gauntlet
 14881 | Gauntlet | Found a transporter.
 14881 | Gauntlet | Found a transporter.
 14907 | Gauntlet | Found a transporter.
 14907 | Gauntlet | Noticed a catoblepas
 14922 | Gauntlet | Found a transporter.
 14937 | Gauntlet | Found a transporter.
 14937 | Gauntlet | Found a transporter.
 14937 | Gauntlet | Found a transporter.
 14939 | Gauntlet | Found a transporter.
 14939 | Gauntlet | Found a transporter.
 14951 | Gauntlet | Found a transporter.
 14965 | Gauntlet | Noticed a necromancer
 14967 | Gauntlet | Found a transporter.
 14972 | Gauntlet | Noticed a death yak
 14972 | Gauntlet | Noticed a death yak
 14972 | Gauntlet | Noticed a death yak
 14972 | Gauntlet | Noticed a death yak
 14974 | Gauntlet | Noticed a death yak
 14975 | Gauntlet | Noticed a death yak
 14977 | Gauntlet | Found a transporter.
 14978 | Gauntlet | Noticed a green death
 14991 | Gauntlet | Found a transporter.
 15011 | Gauntlet | Found a transporter.
 16307 | Lair:2   | Identified the +1 flail of Xait {flame, rC++ rCorr Str-5
                  | Dex+2}
 16335 | Lair:2   | Found a staircase to the Snake Pit.
 16370 | Lair:2   | Reached *** piety under Wu Jian
 17293 | Lair:3   | Noticed a harpy
 17295 | Lair:3   | Noticed a harpy
 17326 | Lair:3   | Killed a harpy
 17678 | Lair:3   | Gained mutation: Your thick and shaggy fur keeps you warm.
                  | (AC +3, rC+) [Felid growth]
 17678 | Lair:3   | Reached XP level 12. HP: 70/70 MP: 13/16
 17951 | Lair:3   | Reached skill level 10 in Shapeshifting
 18243 | Lair:3   | Found a staircase to the Shoals.
 18880 | Lair:4   | Found a runed translucent door.
 18881 | Lair:4   | Found a viscous altar of Jiyva.
 18882 | Lair:4   | Noticed an acid blob
 18882 | Lair:4   | Noticed an acid blob
 18883 | Lair:4   | Found a staircase to the Slime Pits.
 18883 | Lair:4   | Noticed an acid blob
 19135 | Lair:4   | Reached **** piety under Wu Jian
 19261 | Lair:4   | Reached skill level 10 in Unarmed Combat
 19590 | Lair:4   | You fall into a shaft and drop 1 floor!
 19590 | Lair:5   | Entered Level 5 of the Lair of Beasts
 19590 | Lair:5   | Noticed a seven-headed hydra
 19598 | Lair:5   | Noticed an eight-headed hydra
 19602 | Lair:5   | Mangled by an eight-headed hydra
 19602 | Lair:5   | Lost a life (0 lives remaining)
 20116 | Lair:5   | Noticed a six-headed hydra
 20165 | Lair:5   | Reached XP level 13. HP: 77/77 MP: 17/17
 20165 | Lair:5   | Gained a life (1 life remaining)
 22487 | D:13     | Found a gate to the Vaults.
 22493 | D:13     | Reached skill level 15 in Dodging
 22726 | D:13     | Noticed Kirke
 22805 | D:13     | Noticed a sphinx
 22808 | D:13     | Killed Kirke
 22948 | D:13     | Reached XP level 14. HP: 84/84 MP: 18/18
 23026 | D:13     | Learned a level 3 spell: Fugue of the Fallen
 23174 | D:13     | Noticed Azrael
 23181 | D:13     | Killed Azrael
 24733 | D:14     | Reached skill level 15 in Fighting
 24973 | D:14     | Found Iseac's Assorted Antiques.
 24982 | D:14     | Bought a scroll of poison for 152 gold pieces
 25875 | Abyss:2  | Cast into level 2 of the Abyss (spriggan)
 26691 | Abyss:2  | Found a corrupted altar of Lugonu.
 26887 | Abyss:2  | Reached skill level 5 in Stealth
 26908 | Abyss:2  | Reached XP level 15. HP: 75/90 MP: 13/19
 26910 | Lair:5   | Escaped the Abyss
 27053 | Lair:5   | Reached ***** piety under Wu Jian
 27205 | Lair:5   | Reached skill level 10 in Stealth
 28080 | Lair:5   | Found a corrupted altar of Lugonu.
 28080 | Lair:5   | Found a one-way gate to the infinite horrors of the Abyss.
 28419 | D:14     | Noticed Lodul
 28430 | D:14     | Killed Lodul
 28565 | D:14     | Noticed Roxanne
 28591 | D:14     | Killed Roxanne
 29042 | D:15     | Entered Level 15 of the Dungeon
 30229 | D:15     | Found a staircase to the Depths.
 30426 | Orc:1    | Entered Level 1 of the Orcish Mines
 30464 | Orc:2    | Entered Level 2 of the Orcish Mines
 30492 | Orc:2    | Found a staircase to the Elven Halls.
 30563 | Orc:2    | Reached XP level 16. HP: 62/95 MP: 20/20
 30563 | Orc:2    | Gained a life (2 lives remaining)
 30619 | Orc:2    | Found Hiloavor's General Store.
 30619 | Orc:2    | Found Bilu's Book Shoppe.
 30631 | Orc:2    | Found Meushim's Antique Armour Shoppe.
 30631 | Orc:2    | Found Feorr's Antique Weapon Emporium.
 30687 | Orc:2    | Bought a scroll of blinking for 127 gold pieces
 30687 | Orc:2    | Bought a scroll of immolation for 68 gold pieces
 30687 | Orc:2    | Bought a scroll of poison for 68 gold pieces
 31573 | Snake:1  | Entered Level 1 of the Snake Pit
 31746 | Snake:1  | Reached skill level 15 in Shapeshifting
 31848 | Snake:1  | Reached ****** piety under Wu Jian
 31973 | Snake:1  | Noticed Frances
 31981 | Snake:1  | Killed Frances
 32245 | Snake:2  | Noticed Louise
 32338 | Snake:2  | Killed Louise
 32383 | Snake:2  | Found Bockez's Assorted Antiques.
 32391 | Snake:2  | Bought a potion of enlightenment for 180 gold pieces
 32391 | Snake:2  | Bought a scroll of blinking for 270 gold pieces
 32445 | Snake:2  | HP: 4/123 [salamander/+2 heavy glaive (13)]
 32530 | Snake:2  | Identified the serpent talisman of Midwinter {Will++ Dex+2}
 32530 | Snake:2  | Noticed Aizul
 32546 | Snake:2  | Killed Aizul
 32984 | Snake:3  | Noticed Saint Roka
 32986 | Snake:3  | Upgraded the game from 0.32-a0-20-ge526923d97 to
                  | 0.32-a0-22-g6ae6769602
 33519 | Snake:3  | Found a runed translucent gate.
 33520 | Snake:3  | Found a runed translucent gate.
 33520 | Snake:3  | Found a runed translucent gate.
 33521 | Snake:3  | Noticed Qanoask's ghost (journeyman OnGl)
 33521 | Snake:3  | Noticed Noblape's ghost (adept OnBe)
 33576 | Snake:3  | Reached XP level 17. HP: 100/100 MP: 21/21
 33719 | Snake:3  | Killed Saint Roka
 34024 | Snake:3  | Noticed Mlioglotl
 34031 | Snake:3  | Killed Mlioglotl
 34309 | Snake:4  | Entered Level 4 of the Snake Pit
 34368 | Snake:4  | Reached skill level 1 in Necromancy
 35251 | Snake:4  | HP: 7/196 [salamander mystic/lance of force (18)]
 35251 | Snake:4  | Collided with a stone wall
 35251 | Snake:4  | Lost a life (1 life remaining)
 35676 | Snake:4  | Got a serpentine rune of Zot
 35982 | Elf:1    | Entered Level 1 of the Elven Halls
 35998 | Elf:1    | Reached XP level 18. HP: 107/107 MP: 25/25
 36292 | Elf:1    | Reached skill level 5 in Necromancy
 36322 | Elf:1    | Noticed Norris
 36333 | Elf:1    | Killed Norris
 36376 | Elf:1    | Reached skill level 15 in Unarmed Combat
 36449 | Elf:1    | Got the Notes on Energy
 37009 | Elf:3    | Entered Level 3 of the Elven Halls
 37495 | Elf:3    | Noticed Mara
 37509 | Elf:3    | Killed Mara
 38098 | Elf:3    | Identified the +3 flail "Ixkevaum" {protect, rN+ Will+}
 38189 | Elf:3    | Identified the ring "Fuumuwass" {rC+ Str+3}
 38239 | Elf:3    | Identified the ring of Cirgha {*Slow MP+9 Str-3 Dex+5}
 38261 | Elf:3    | Identified the +1 robe of the Fisher {Archmagi}
 38266 | Elf:3    | Reached XP level 19. HP: 114/114 MP: 26/26
 38266 | Elf:3    | Gained a life (2 lives remaining)
 38298 | Elf:3    | Identified the ring "Pekalona" {Fly rElec Str-2 Int+5 SInv}
 38754 | Elf:3    | Found the +7 hand cannon "Mule" {flame, backblast, rF+}
 38771 | Elf:3    | Got Xicvaal's Almanac of the Dragon and the Fault
 38994 | Elf:2    | Found a runed translucent gate.
 38994 | Elf:2    | Found a runed translucent gate.
 38995 | Elf:2    | Found a runed translucent gate.
 39263 | Shoals:1 | Entered Level 1 of the Shoals
 39440 | Shoals:1 | Found Ceciagh's Magic Scroll Boutique.
 39449 | Shoals:1 | Bought a scroll of blinking for 120 gold pieces
 40076 | Shoals:2 | Identified the maw talisman "Saygal" {rCorr Str+3 Dex+3}
 40301 | Shoals:2 | Noticed Polyphemus
 40318 | Shoals:2 | Killed Polyphemus
 41671 | Shoals:4 | Entered Level 4 of the Shoals
 41941 | Shoals:4 | Noticed Ilsuiw
 41953 | Shoals:4 | Killed Ilsuiw
 42194 | Shoals:4 | Found Waoh's Antique Armour Boutique.
 42332 | Shoals:4 | Got the Directory of Transportation and the Crypt
 42464 | Shoals:4 | Reached XP level 20. HP: 121/121 MP: 27/27
 42626 | Shoals:4 | Got a barnacled rune of Zot
 42628 | Shoals:4 | Got an azure gem with 0 turns to spare
 42920 | Vaults:1 | Entered Level 1 of the Vaults
 43357 | Vaults:1 | Found Cor Oroa's Distillery.
 43361 | Vaults:1 | Bought a potion of ambrosia for 144 gold pieces
 43361 | Vaults:1 | Bought a potion of mutation for 144 gold pieces
 43361 | Vaults:1 | Bought a potion of curing for 54 gold pieces
 43361 | Vaults:1 | Bought 2 potions of resistance for 360 gold pieces
 43361 | Vaults:1 | Bought a potion of berserk rage for 90 gold pieces
 43361 | Vaults:1 | Bought a potion of might for 72 gold pieces
 43361 | Vaults:1 | Gained mutation: You have a pair of small antennae on your
                  | head. [potion of mutation]
 43361 | Vaults:1 | Gained mutation: Your natural rate of healing is unusually
                  | fast. [potion of mutation]
 43361 | Vaults:1 | Gained mutation: Your magical capacity is low. (-10% MP)
                  | [potion of mutation]
 43361 | Vaults:1 | Gained mutation: You are resistant to electric shocks.
                  | (rElec) [potion of mutation]
 43442 | Vaults:1 | Found Kuixkeqo's Weapon Shoppe.
 43491 | Vaults:1 | Found Fyzekk's Weapon Boutique.
 43506 | Vaults:1 | Found the brooch of Shielding {Spirit SH+8}
 43526 | Vaults:1 | Found Jewnawk's Antique Weapon Boutique.
 43603 | Vaults:1 | Found Obbing Deno's Magic Scroll Shop.
 43610 | Vaults:1 | Bought a scroll of fear for 40 gold pieces
 43610 | Vaults:1 | Bought a scroll of fog for 40 gold pieces
 43610 | Vaults:1 | Bought a scroll of immolation for 40 gold pieces
 43812 | Vaults:1 | Reached skill level 1 in Invocations
 43850 | Vaults:1 | Reached skill level 2 in Invocations
 44168 | Vaults:1 | Reached skill level 3 in Invocations
 44168 | Vaults:1 | Found a portal to a secret trove of treasure.
 44172 | Vaults:1 | You paid a toll of 5 scrolls of fog to enter a treasure
                  | trove
 44173 | Trove    | Entered a treasure trove
 44187 | Trove    | Identified the ring "Ihemaw" {Fire Str+4}
 44189 | Trove    | Identified the amulet of Tiyched {Faith rPois rF+ rN+}
 44192 | Trove    | Identified the ring of the Sky {rF+ Dex+3}
 44199 | Trove    | Identified the amulet "Zuaxeupt" {Faith ^Fragile rElec
                  | rPois rC-}
 44269 | Vaults:2 | Found a crumbling gateway.
 44282 | Desolati | Entered the Desolation of Salt
 44324 | Desolati | Identified the ring "Ymetieme" {Fly rElec Int+5}
 44342 | Desolati | Reached skill level 4 in Invocations
 44362 | Desolati | Reached skill level 5 in Invocations
 44403 | Desolati | Reached XP level 21. HP: 128/128 MP: 25/25
 44408 | Desolati | Reached skill level 6 in Invocations
 44437 | Desolati | Identified the amulet of Charity {Spirit rF- Regen+ MP+9
                  | Stlth-}
 44461 | Desolati | Reached skill level 7 in Invocations
 44503 | Desolati | Identified the +3 flail of Naunlaol {venom, rF++ Will++
                  | rCorr}
 44506 | Desolati | Identified the ring "Tiaseqop" {Ice +Blink Will+ Str-2
                  | Int+2}
 44516 | Desolati | Got Noulok's Tractate on Fey Substances
 44618 | Desolati | Identified the ring of Finality {AC+4 Int+5 Dex+2}
 44625 | Desolati | Reached skill level 8 in Invocations
 44633 | Desolati | Identified the ring of Vuash {rElec MP+9 Int+4 Dex+2
                  | Stlth-}
 44701 | Desolati | Got the Secrets of the Engineer
 44886 | Desolati | Found the dreamshard necklace {Acrobat *Dream}
 44886 | Desolati | Found the +10 Black Knight's barding {ponderous, rPois rN+}
 44951 | Desolati | Reached skill level 9 in Invocations
 45383 | Vaults:2 | Reached skill level 10 in Invocations
 45546 | Vaults:3 | Noticed Margery
 45558 | Vaults:3 | Killed Margery
 45561 | Vaults:3 | Killed the ghostly Margery
 45592 | Vaults:3 | Reached skill level 11 in Invocations
 45645 | Vaults:3 | Noticed Boris
 45652 | Vaults:3 | Killed Boris
 45842 | Vaults:5 | Entered Level 5 of the Vaults
 45844 | Vaults:5 | Reached skill level 12 in Invocations
 45849 | Vaults:5 | Noticed a golden dragon
 45880 | Vaults:5 | Reached skill level 13 in Invocations
 45882 | Vaults:5 | Noticed an ancient lich
 45883 | Vaults:5 | Noticed a golden dragon
 45887 | Vaults:5 | Killed a golden dragon
 45888 | Vaults:5 | Killed an ancient lich
 45895 | Vaults:5 | Killed a golden dragon
 45896 | Vaults:5 | Reached skill level 14 in Invocations
 45906 | Vaults:5 | Reached XP level 22. HP: 85/133 MP: 30/30
 45932 | Vaults:5 | Reached skill level 15 in Invocations
 46000 | Vaults:5 | Reached skill level 16 in Invocations
 46036 | Vaults:5 | Noticed an ancient lich
 46039 | Vaults:5 | Killed an ancient lich
 46055 | Vaults:5 | Found Noofosey's Armour Shop.
 46057 | Vaults:5 | Reached skill level 17 in Invocations
 46419 | Vaults:5 | Found Guhaidghu's Book Shop.
 46433 | Vaults:5 | Identified the +0 robe of the Known World {^Contam +Blink
                  | Str+6}
 46514 | Vaults:5 | Got a silver rune of Zot
 46739 | Vaults:5 | Identified the ring of the Disbelieving Hero {Wiz Fly rF+
                  | Str+2 Dex-5}
 46739 | Vaults:5 | Noticed Boris
 46749 | Vaults:5 | Killed Boris
 47072 | Vaults:2 | Noticed Donald
 47074 | Vaults:2 | Reached skill level 18 in Invocations
 47081 | Vaults:2 | Killed Donald
 47278 | Depths:1 | Entered Level 1 of the Depths
 47370 | Depths:1 | Found a one-way gateway to a ziggurat.
 47412 | Depths:1 | Noticed a caustic shrike
 47417 | Depths:1 | Killed a caustic shrike
 47509 | Depths:2 | Found a runed translucent door.
 47510 | Depths:2 | Found a runed translucent door.
 47535 | Depths:2 | Noticed a golden dragon
 47537 | Depths:2 | Noticed a caustic shrike
 47848 | Depths:2 | Reached XP level 23. HP: 137/137 MP: 31/33
 47849 | Depths:2 | Reached skill level 15 in Stealth
 47985 | Depths:4 | Entered Level 4 of the Depths
 48004 | Depths:4 | Found a gateway to Hell.
 48194 | Depths:4 | Found a gate to the Realm of Zot.
 48231 | Depths:4 | Reached skill level 19 in Invocations
 48394 | Depths:4 | Got a midnight gem with 1386 turns to spare
 48396 | Zot:1    | Entered Level 1 of the Realm of Zot
 49199 | Zot:5    | Entered Level 5 of the Realm of Zot
 49309 | Zot:5    | HP: 8/178 [white draconian stormcaller/divine providence
                  | (12)]
 49312 | Zot:5    | Saved by the dreamshard amulet
 49314 | Zot:5    | Reached skill level 20 in Invocations
 49611 | Zot:5    | Noticed an orb of fire
 49611 | Zot:5    | Noticed an orb of fire
 49612 | Zot:5    | Noticed an orb of fire
 49613 | Zot:5    | Noticed an orb of fire
 49613 | Zot:5    | Noticed an orb of fire
 49615 | Zot:5    | Noticed a dread lich
 49617 | Zot:5    | Noticed an orb of fire
 49617 | Zot:5    | Noticed a Killer Klown
 49618 | Zot:5    | Killed an orb of fire
 49619 | Zot:5    | Gained mutation: You are vulnerable to cold. (rC-) [an orb
                  | of fire]
 49620 | Zot:5    | Killed an orb of fire
 49623 | Zot:5    | Gained mutation: You are clumsy. (Dex -2) [an orb of fire]
 49625 | Zot:5    | Killed from afar by an orb of fire
 49625 | Zot:5    | Lost a life (1 life remaining)
 49762 | Zot:5    | Reached skill level 21 in Invocations
 49818 | Zot:5    | Gained mutation: You are weak. (Str -2) [an orb of fire]
 49820 | Zot:5    | Killed an orb of fire
 49849 | Zot:5    | Noticed an orb of fire
 49862 | Zot:5    | Noticed a dread lich
 49868 | Zot:5    | Killed a dread lich
 49872 | Zot:5    | Reached XP level 24. HP: 127/142 MP: 17/35
 49872 | Zot:5    | Gained a life (2 lives remaining)
 49872 | Zot:5    | Noticed a Killer Klown
 49873 | Zot:5    | Gained mutation: Your spells are a little harder to cast,
                  | but a little more powerful. [an orb of fire]
 49874 | Zot:5    | Gained mutation: Your magical capacity is very low. (-20%
                  | MP) [an orb of fire]
 49879 | Zot:5    | Killed a Killer Klown
 49881 | Zot:5    | Gained mutation: You occasionally lose the ability to drink
                  | potions when taking damage. [an orb of fire]
 49882 | Zot:5    | Killed an orb of fire
 49884 | Zot:5    | Killed an orb of fire
 49897 | Zot:5    | Gained mutation: You are dopey. (Int -2) [an orb of fire]
 49899 | Zot:5    | Reached skill level 22 in Invocations
 49899 | Zot:5    | Killed a dread lich
 49899 | Zot:5    | Gained mutation: You occasionally lose the ability to read
                  | scrolls when taking damage. [an orb of fire]
 49905 | Zot:5    | Gained mutation: You are very clumsy. (Dex -4) [an orb of
                  | fire]
 49909 | Zot:5    | Killed from afar by an orb of fire
 49909 | Zot:5    | Lost a life (1 life remaining)
 50106 | Zot:4    | Found the +8 demon blade "Leech" {evervamp, Harm ^Drain
                  | rN+}
 50116 | Zot:4    | Noticed Luser's ghost (veteran OnBe)
 50120 | Zot:4    | Found a stormy altar of Qazlal.
 50122 | Zot:4    | Got the Textbook on Metamorphic Curses
 50128 | Zot:4    | Found a transporter.
 50131 | Zot:4    | Found a transporter.
 50933 | Zot:5    | Lost mutation: You occasionally lose the ability to read
                  | scrolls when taking damage. [potion of mutation]
 50933 | Zot:5    | Lost mutation: You are very clumsy. (Dex -4) [potion of
                  | mutation]
 50933 | Zot:5    | Lost mutation: You are clumsy. (Dex -2) [potion of
                  | mutation]
 51112 | Zot:5    | Gained mutation: You are frail. (-10% HP) [an orb of fire]
 51113 | Zot:5    | Gained mutation: You expend magic power (3 MP) to
                  | strengthen your wands. [an orb of fire]
 51114 | Zot:5    | Gained mutation: You are very frail. (-20% HP) [an orb of
                  | fire]
 51115 | Zot:5    | Killed an orb of fire
 51116 | Zot:5    | Reached skill level 23 in Invocations
 51116 | Zot:5    | Gained mutation: You are clumsy. (Dex -2) [an orb of fire]
 51119 | Zot:5    | Killed an orb of fire
 51134 | Zot:5    | Killed a Killer Klown
 51257 | Zot:5    | Lost mutation: You are dopey. (Int -2) [potion of mutation]
 51257 | Zot:5    | Lost mutation: You occasionally lose the ability to drink
                  | potions when taking damage. [potion of mutation]
 51257 | Zot:5    | Lost mutation: You are vulnerable to cold. (rC-) [potion of
                  | mutation]
 51257 | Zot:5    | Lost mutation: You are clumsy. (Dex -2) [potion of
                  | mutation]
 51284 | Zot:5    | Got the Orb of Zot
 51341 | Zot:2    | Noticed Gyrghowiuc the pandemonium lord
 51360 | Zot:1    | Identified the +1 ring mail of Obleukk {rElec}
 51675 | D:15     | Noticed Boris
 51684 | D:15     | Killed Boris
 51692 | D:15     | Noticed Acvuty the pandemonium lord
 51768 | D:12     | Noticed Boris
 51772 | D:12     | Killed Boris
 51896 | D:9      | Noticed Gaxoyc the pandemonium lord
 51910 | D:9      | Killed Gaxoyc the pandemonium lord
 51987 | Temple   | Fell from the grace of Wu Jian
 51987 | Temple   | Became a worshipper of Cheibriados the Contemplative
 52120 | D:2      | Gained mutation: You are clumsy. (Dex -2) [a cacodemon]
 52122 | D:2      | Gained mutation: You are very clumsy. (Dex -4) [a
                  | cacodemon]
 52127 | D:1      | Gained mutation: You are very weak. (Str -4) [a cacodemon]
 52141 | D:$      | Escaped with the Orb!

Illustrated notes

Levels and vault maps discovered:
D:1:      dpeg_arrival_shelter, layout_basic, serial_shops,
          nicolae_shop_temple_entry_statues_fountains
D:2:      layout_loops_corners, basic_ecumenical_altar
D:3:      layout_loops_corners, zin_treasury, minmay_ogre_servants
D:4:      layout_basic, lightli_sewer_entry_pipes
D:5:      layout_loops_ring, lemuel_round_altar, wad_rectangle_vault
D:6:      layout_loops_ring, minmay_temple_entry_antechambers,
          nicolae_shop_firing_range
D:7:      layout_loops_ring, ashenzari_altar_1
D:8:      layout_basic, mainiacjoe_overflow_catwalk_spiral,
          mainiacjoe_overflow_paths, uniq_jeremiah, uniq_psyche, uniq_pikel
D:9:      layout_grid_maze, serial_shops, kennysheep_mini, shop, enter_bailey_6,
          minmay_misc_feat_diagonals, due_unseen_surprise
D:10:     layout_basic, mainiacjoe_overflow_brackets, erik_lair_orcish_takeover,
          nicolae_two_hexagons
D:11:     layout_rooms, minmay_orc_entry_temple_large, minmay_increasing_density
D:12:     layout_cave_pools
D:13:     layout_loops_ring, lightli_vaults_fourway_checkpoint, serial_aquarium,
          aquarium_bridge_long_separate [aquarium_subvault_window,
          aquarium_subvault_bridge, aquarium_subvault_window,
          aquarium_subvault_bridge, aquarium_subvault_window,
          aquarium_subvault_wall], aquarium_bridge_straight
          [aquarium_subvault_bridge, aquarium_subvault_wall,
          aquarium_subvault_bridge, aquarium_subvault_balcony],
          aquarium_window_2, aquarium_window_2, aquarium_window_2,
          aquarium_view_2d, aquarium_view_2c, uniq_azrael, uniq_kirke
D:14:     kennysheep_ambush_hall, layout_basic, serial_shops, shop,
          minmay_misc_feat_iff, uniq_roxanne, uniq_lodul
D:15:     grunt_enter_depths_magical_seal, layout_stronghold,
          serial_park_fountain, minivault_1, nicolae_letterblocks
          [nicolae_letter_subblock, nicolae_letter_subblock,
          nicolae_letter_subblock, nicolae_letter_subblock,
          nicolae_letter_subblock, nicolae_letter_subblock,
          nicolae_letter_subblock, nicolae_letter_subblock,
          nicolae_letter_subblock, nicolae_letter_subblock,
          nicolae_letter_subblock, nicolae_letter_subblock,
          nicolae_letter_subblock, nicolae_letter_subblock,
          nicolae_letter_subblock, nicolae_letter_subblock,
          nicolae_letter_subblock, nicolae_letter_subblock,
          nicolae_letter_subblock, nicolae_letter_subblock,
          nicolae_letter_subblock, nicolae_letter_subblock,
          nicolae_letter_subblock, nicolae_letter_subblock,
          nicolae_letter_subblock]
Temple:   hellmonk_temple_two_chambers
Lair:1:   layout_cave_pods, gauntlet_entry_generic, st_stairs_11,
          small_statue_intersection, minmay_stone_trees_small,
          gammafunk_lair_bear_cave
Lair:2:   layout_regular_city, nicolae_snake_entry_squirm, grunt_megastairs_5
Lair:3:   layout_cave_pods, nicolae_shoals_entry_roost
Lair:4:   layout_cave_pods, slime_entry_2
Lair:5:   hellmonk_lair_end_abyssal_woods, layout_gridlike,
          dreamdust_mushroom_princess, st_stairs_5, grunt_megastairs_3
Shoals:1: layout_shoals, serial_shops, shop
Shoals:2: layout_shoals, uniq_polyphemus
Shoals:3: layout_shoals, nicolae_shoals_undead_eyrie
Shoals:4: shoals_end_simple, layout_shoals, shoal_ilsuiw, serial_shops,
          nicolae_shop_statue_plus
Snake:1:  layout_onion_interference, nicolae_snake_round_shape_thing,
          uniq_frances
Snake:2:  layout_misc_corridors, serial_shops, shop, uniq_louise, uniq_aizul
Snake:3:  layout_chambers, gammafunk_ghost_cemetery, uniq_saint_roka,
          uniq_mlioglotl
Snake:4:  snake_pit_salamanders_mu, layout_cave_town, serial_bayou_shore_a
Orc:1:    layout_caves
Orc:2:    st_orc_congregation, layout_caves, basic_altar
Elf:1:    eino_elf_arrival_customs, layout_loops_ring, minmay_elf_annihilation,
          drop_trap, uniq_norris
Elf:2:    elven_hall_of_blades_hangedman_original [nicolae_blade_bullseye],
          layout_loops_cross, serial_glass, glass_columns_b, glass_columns_a,
          glass_columns_a, glass_columns_b, glass_columns_c
Elf:3:    grunt_elf_hall_asides, layout_loops_corners, moated_statue,
          billiards_dpeg, uniq_mara
Vaults:1: vaults_standard_mumra_lines, nicolae_vaults_tetromino_L_1,
          hangedman_vaults_hat, nicolae_vaults_storage_room_statues,
          nicolae_vaults_twisting_passages, nicolae_vaults_door_testing_chamber,
          nicolae_vaults_diagonal_hallway_6, nicolae_vaults_network_s,
          st_quartered_hall, v_misc_23, layout_vaults_maze, enter_trove_5,
          serial_shops, shop, shop, nicolae_shop_rolling_square, shop,
          nicolae_shop_pleasant_corner_grove
Vaults:2: portal_desolation_entry_twin_temple, nicolae_vaults_surprise_closet,
          nicolae_vaults_network_square, v_alt_pattern_3,
          nicolae_vaults_six-pack, nicolae_vaults_border_crossing,
          nicolae_vaults_little_squares_1, ontoclasm_vaults_eye,
          nicolae_vaults_trapezoid_lopsided_1, layout_vaults_big_room,
          uniq_donald
Vaults:3: nicolae_vaults_rhombus_5, nicolae_vaults_shipping_containers_4,
          ontoclasm_vaults_spin, minmay_crypt_entry_simple_round,
          vaults_room_fours, nicolae_vaults_little_squares_1,
          ontoclasm_vaults_hangar, ontoclasm_vaults_idyll,
          layout_vaults_omnigrid, uniq_nikola, uniq_boris, uniq_margery,
          uniq_sojobo
Vaults:4: hangedman_vaults_slither, vaults_room_fours, dpeg_vaults_monster_box,
          hangedman_vaults_slice, nicolae_vaults_trapezoid_4, v_misc_28,
          nicolae_vaults_trapezoid_2, vaults_dpeg_cross,
          nicolae_vaults_surprise_closet, nicolae_vaults_diamond_2,
          nicolae_vaults_house_1, layout_vaults_omnicross
Vaults:5
Depths:1: layout_basic, enter_ziggurat_f, hangedman_coc_ice_floe,
          serial_bayou_pond_e, dispersion_dpeg
Depths:2: minmay_expanding_circles, layout_gridlike, hell_entry,
          minmay_misc_feat_alley, grunt_pan_entry_spiral, minmay_misc_feat_x,
          serial_bayou_shore_b, infiniplex_staircase_x
Depths:3: minmay_the_grid_octo_tiled_octocenter [minmay_the_grid_octo_77,
          minmay_the_grid_octo_pinwheel, minmay_the_grid_octo_focus,
          minmay_the_grid_octo_horde,
          minmay_the_grid_octo_prize_square_snowflake,
          minmay_the_grid_square_5x5_eight_small,
          minmay_the_grid_square_5x5_percent,
          minmay_the_grid_square_5x5_checkered,
          minmay_the_grid_square_5x5_detours], layout_long_grid,
          grunt_mini_vestibule, abyss_entry
Depths:4: grunt_zot_entry_gee_three, layout_gridlike, serial_shops, shop,
          nicolae_shop_tiny_glass, hell_entry, minivault_11
Zot:1:    layout_basic
Zot:2:    gammafunk_sealed_arena, layout_basic
Zot:3:    minmay_elemental_castle, layout_onion_interference,
          regret_index_zotdec_plus
Zot:4:    layout_misc_corridors, gammafunk_ghost_arena,
          regret_index_zotdec_tunneler, st_stairs_12,
          regret_index_zotdec_decaying_vile, lemuel_baited_zot_trap,
          hangedman_zot_decor_checkerboard, regret_index_zotdec_storm_pass
Zot:5:    layout_misc_corridors, grunt_megastairs_2

Skill      XL: |  1  2  3  4  5  6  7  8  9 10 11 12 13 14 15 16 17 18 19 20 21 22 23 24 |
---------------+-------------------------------------------------------------------------+-----
Dodging        | 3 4 5 6 8 9 11 12 13 15 16 17 18 20 | 20.0
Unarmed Combat | 1 2 3 4 5 7 8 9 10 11 13 14 15 17 20 | 20.0
Fighting       | 1 2 3 4 5 8 10 11 13 14 15 16 17 19 20 22 | 22.1
Fire Magic     | 3 4 |  4.0
Shapeshifting  | 1 2 3 5 6 9 10 11 12 14 16 17 18 | 18.0
Stealth        | 6 11 14 20 | 20.0
Necromancy     | 4 5 |  5.0
Spellcasting   | 4 |  4.0
Invocations    | 5 14 18 21 23 | 23.0
Conjurations   | |  0.8

Action                     |  1- 3 |  4- 6 |  7- 9 | 10-12 | 13-15 | 16-18 | 19-21 | 22-24 || total
---------------------------+-------+-------+-------+-------+-------+-------+-------+-------++-------
  Melee: Unarmed           |    26 |     4 |    70 |   560 |  1348 |  1373 |  1460 |  1470 ||  6311
         Bite              |     3 |       |    10 |    53 |   126 |   181 |   205 |   207 ||   785
         Punch             |     1 |       |     3 |     3 |       |   127 |   209 |   226 ||   569
         Constrict         |       |       |       |    35 |   129 |       |       |       ||   164
   Cast: Foxfire           |    81 |    40 |   166 |   198 |     1 |     2 |       |       ||   488
         Scorch            |     6 |    13 |    84 |    96 |       |       |       |       ||   199
         Fugue of the Fall |       |       |       |       |       |       |    10 |     6 ||    16
 Invoke: Serpent's Lash    |       |       |       |     3 |    23 |    16 |    13 |    27 ||    82
         Heavenly Storm    |       |       |       |       |     1 |     3 |     4 |     4 ||    12
Ability: Lunge             |       |       |     1 |    43 |   108 |   107 |   117 |    83 ||   459
         Whirlwind         |       |       |       |    94 |   334 |   473 |   532 |   655 ||  2088
         Wall Jump         |       |       |       |       |       |     2 |     2 |     1 ||     5
  Evoke: Wand              |       |       |     2 |     3 |     6 |       |       |     5 ||    16
         Phial of floods   |       |       |       |       |     1 |       |       |       ||     1
    Use: Scroll            |     3 |     7 |    12 |    16 |     7 |     3 |     7 |     6 ||    61
         Potion            |       |     1 |     1 |     3 |    17 |     6 |     3 |    12 ||    43
   Stab: Distracted        |       |       |       |     1 |     3 |     4 |     9 |     4 ||    21
         Sleeping          |       |       |       |     2 |     4 |    24 |    35 |    11 ||    76
         Invisible         |       |       |       |       |     1 |       |     6 |     7 ||    14
         Fleeing           |       |       |       |       |       |       |     2 |       ||     2
 Armour: Skin              |    11 |     2 |    29 |   217 |   449 |   516 |   506 |   606 ||  2336
  Dodge: Dodged            |    30 |    12 |   100 |   512 |   848 |  1957 |  2466 |  1755 ||  7680
  Block: Other             |       |       |       |       |       |       |    74 |   137 ||   211
   Form: Flux              |       |       |       |     1 |     1 |       |       |       ||     2
         Serpent           |       |       |       |     1 |       |       |       |       ||     1
         Statue            |       |       |       |       |       |     1 |       |       ||     1

Table legend: (Time is in decaauts)
 A = Elapsed time spent in this place.
 B = Non-inter-level travel time spent in this place.
 C = Inter-level travel time spent in this place.
 D = Time resting spent in this place.
 E = Time spent auto-exploring this place.
 F = Levels seen in this place.
 G = Mean time per level.
                   A        B        C        D        E       F      G
               +--------+--------+--------+--------+--------+-----+--------+
         Total |  61733 |  56581 |   5152 |   6677 |  35487 |  54 | 1143.2 |
       Dungeon |  21754 |  19719 |   2035 |   1750 |  14001 |  15 | 1450.3 |
        Temple |     29 |     19 |     10 |      0 |      0 |   1 |   29.0 |
          Lair |   8191 |   7214 |    977 |   1296 |   4447 |   5 | 1638.2 |
        Shoals |   5138 |   4830 |    308 |    178 |   3522 |   4 | 1284.5 |
     Snake Pit |   6356 |   5930 |    426 |    367 |   3953 |   4 | 1589.0 |
  Orcish Mines |   1093 |    998 |     95 |      0 |    731 |   2 |  546.5 |
   Elven Halls |   4667 |   4482 |    185 |    839 |   2490 |   3 | 1555.7 |
        Vaults |   4934 |   4649 |    285 |      0 |   3301 |   5 |  986.8 |
        Depths |   1937 |   1322 |    615 |    147 |    599 |   4 |  484.2 |
           Zot |   4354 |   4143 |    211 |   1104 |   1452 |   5 |  870.8 |
         Abyss |   1021 |   1021 |      0 |    694 |      5 |   1 | 1021.0 |
         Trove |     73 |     73 |      0 |      0 |      0 |   1 |   73.0 |
         Sewer |    284 |    284 |      0 |      4 |    211 |   1 |  284.0 |
        Bailey |    600 |    600 |      0 |    295 |     48 |   1 |  600.0 |
    Desolation |   1129 |   1129 |      0 |      0 |    582 |   1 | 1129.0 |
      Gauntlet |    168 |    168 |      0 |      0 |    142 |   1 |  168.0 |
               +--------+--------+--------+--------+--------+-----+--------+

Top non-repeatable levels by time:
   Elf:3: 2729 daAuts
 Snake:4: 2203 daAuts
    D:10: 2150 daAuts
  Lair:5: 2021 daAuts
   Zot:5: 1920 daAuts
    D:14: 1916 daAuts
Vaults:1: 1895 daAuts
    D:13: 1874 daAuts
     D:5: 1759 daAuts
Vaults:5: 1738 daAuts
  Lair:4: 1704 daAuts
 Snake:3: 1616 daAuts
  Lair:2: 1588 daAuts
     D:9: 1549 daAuts
  Lair:1: 1540 daAuts
